 Dungeon Crawl Stone Soup version 0.30-a0-371-gad7725a93e (webtiles) character file.

Game seed: 4749757990456815676

256 BritishOli the Ducker (level 5, 0/41 HPs)
             Began as a Demonspawn Gladiator on Nov 20, 2022.
             Was an Initiate of Makhleb.
             Slain by a sky beast (2 damage)
             ... on level 3 of the Dungeon.
             The game lasted 00:05:03 (2746 turns).

BritishOli the Ducker (Demonspawn Gladiator)        Turns: 2746, Time: 00:05:05

Health: 0/41       AC:  4    Str: 16    XL:     5   Next: 92%
Magic:  5/5        EV: 13    Int: 10    God:    Makhleb [......]
Gold:   245        SH:  0    Dex: 14    Spells: 4/4 levels left

rFire   . . .      SeeInvis .    a - +0 war axe
rCold   . . .      Faith    .    (no shield)
rNeg    . . .      Spirit   .    b - +0 leather armour
rPois   .          Reflect  .    c - +0 helmet
rElec   .          Harm     .    (no cloak)
rCorr   .          Rampage  .    (no gloves)
Will    .....                    (no boots)
Stlth   +.........               (no amulet)
HPRegen 0.26/turn                (no ring)
MPRegen 0.09/turn                (no ring)

@: no status effects
A: ignite blood 2, powered by death 1
a: Renounce Religion


You were on level 3 of the Dungeon.
You worshipped Makhleb.
Makhleb was noncommittal.
You visited 1 branch of the dungeon, and saw 4 of its levels.

You collected 245 gold pieces.

Inventory:

Hand Weapons
 a - a +0 war axe (weapon)
Missiles
 d - 3 throwing nets (quivered)
Armour
 b - a +0 leather armour (worn)
 c - a +0 helmet (worn)
Wands
 t - a wand of flame (18)
Scrolls
 h - 2 scrolls of teleportation {unknown}
 i - a scroll of immolation {unknown}
 j - 3 scrolls of fog {unknown}
 k - a scroll of silence {unknown}
 l - a scroll of enchant armour {unknown}
 m - a scroll of brand weapon {unknown}
 n - a scroll of enchant weapon {unknown}
 o - a scroll of identify {unknown}
 r - a scroll of noise {unknown}
 s - 2 scrolls of magic mapping {unknown}
 u - a scroll of summoning {unknown}
Potions
 f - 2 potions of heal wounds
 g - 2 potions of flight {unknown}
 p - 2 potions of curing {unknown}
 q - a potion of berserk rage {unknown}


   Skills:
 + Level 3.4 Fighting
 + Level 3.8 Axes
 - Level 2.4 Throwing
 + Level 1.8 Armour
 + Level 3.8 Dodging


You had 4 spell levels left.
You didn't know any spells.
Your spell library was empty.

Dungeon Overview and Level Annotations

Branches:
Dungeon (4/15)
 Temple: D:4-7

Altars:
Makhleb
Vehumet

Annotations:
D:4 Eustachio


Innate Abilities, Weirdness & Mutations

Your demonic aura often causes spilled blood to erupt in flames.
You regenerate a little health from kills.


Message History

Reactivating autopickup.
The sky beast flickers out of sight!
Deactivating autopickup; reactivate with Ctrl-A.
Something hits you but does no damage. Something hits you but does no damage.
A mysterious force pulls you upwards. The hatch slams shut behind you.
Reactivating autopickup.
Deactivating autopickup; reactivate with Ctrl-A.
You hit something. Something hits you. Something shocks you.
Something hits you. Something shocks you.
You miss something. Something hits you but does no damage.
You miss something. Something hits you. Something shocks you.
You slash something! Something hits you but does no damage.
A sky beast appears from thin air!
Reactivating autopickup.
The sky beast closely misses you.
You hit the sky beast.
The sky beast is severely wounded.
The sky beast hits you but does no damage.
You slash the sky beast!
The sky beast is almost dead.
The sky beast hits you. The sky beast shocks you.
* * * LOW HITPOINT WARNING * * *
You miss the sky beast.
The sky beast is almost dead.
The sky beast hits you.
* * * LOW HITPOINT WARNING * * *
The sky beast shocks you.
* * * LOW HITPOINT WARNING * * *
The sky beast hits you but does no damage.
You hit the sky beast but do no damage.
The sky beast is almost dead.
The sky beast barely misses you.
Throw: javelin
Press: ? - help, Q - select action, (/) - cycle Shift-Dir - straight line, f - sky beast
Aim: a sky beast (almost dead, 50% to hit)
You throw a javelin.
The javelin barely misses the sky beast.
The sky beast hits you.
You die...

......##'#'##############.#
########.............#3##.# #
#...............######## #
#.##.....รท........._#2# #
#.##............#######
####.##..............#3#
..##.##..............###
#..#.##...............#
.....#####'#####@################
......# #.# #Y..............<.
......####.######################
................................#
....#....#.####################.#
....#......# #<......#
....#......# ##### #########
...##......###...########
...##...................#


You could see a sky beast.

Vanquished Creatures
  An iguana (D:4)
  An orc wizard (D:4)
  4 gnolls
  6 adders
  A dart slug (D:2)
  4 orcs
  4 ball pythons
  7 bats
  9 endoplasms
  2 giant cockroaches
  4 goblins
  9 hobgoblins
  19 jackals
  7 quokkas
  3 frilled lizards
  10 kobolds
  8 rats
99 creatures vanquished.

Vanquished Creatures (others)
  11 demonic plants (D:3)
  6 plants (D:3)
  3 withered plants (D:3)
20 creatures vanquished.

Grand Total: 119 creatures vanquished

Notes
Turn   | Place    | Note
-------+----------+-------------------------------------------
     0 | D:1      | BritishOli the Demonspawn Gladiator began the quest for the
                  | Orb.
     0 | D:1      | Reached XP level 1. HP: 16/16 MP: 1/1
    78 | D:1      | Gained mutation: Your demonic aura sometimes causes spilled
                  | blood to erupt in flames. [demonic ancestry]
    78 | D:1      | Reached XP level 2. HP: 11/22 MP: 2/2
   367 | D:1      | Gained mutation: You regenerate a little health from kills.
                  | [demonic ancestry]
   367 | D:1      | Reached XP level 3. HP: 25/28 MP: 3/3
  1083 | D:2      | Reached XP level 4. HP: 24/34 MP: 4/4
  1233 | D:1      | Reached skill level 1 in Armour
  1749 | D:3      | Gained mutation: Your demonic aura often causes spilled
                  | blood to erupt in flames. [demonic ancestry]
  1749 | D:3      | Reached XP level 5. HP: 41/41 MP: 5/5
  1876 | D:3      | Found a radiant altar of Vehumet.
  2154 | D:3      | Found a faded altar of an unknown god.
  2375 | D:3      | Found a burning altar of Makhleb.
  2379 | D:3      | Noticed a cacodemon
  2382 | D:3      | Noticed a neqoxec
  2382 | D:3      | Noticed a smoke demon
  2530 | D:3      | Became a worshipper of Makhleb the Destroyer
  2546 | D:4      | Noticed Eustachio
  2724 | D:4      | Noticed a sky beast
  2744 | D:3      | HP: 1/41 [sky beast (6)]
  2746 | D:3      | Slain by a sky beast

Illustrated notes

Levels and vault maps discovered:
D:1:      kennysheep_arrival_seaside, layout_rooms, minmay_pentomino_o2
D:2:      layout_loops_cross, minmay_circled_x
D:3:      layout_basic, vehumet_altar_wand_db, makhleb_altar_promises_db,
          shapermc_ecumenical_altar_gd, hangedman_decor_growths
D:4:      layout_basic, uniq_eustachio, uniq_pikel

Skill      XL: |  1  2  3  4 |
---------------+-------------+-----
Throwing       | 2 |  2.4
Dodging        | 3 |  3.8
Axes           | 3 |  3.8
Fighting       | 3 |  3.4
Armour         | 1 |  1.8

Action                   |  1- 3 |  4- 6 || total
-------------------------+-------+-------++-------
Melee: War axe           |   113 |   160 ||   273
       Punch             |     2 |     2 ||     4
       Halberd           |       |    12 ||    12
Throw: Javelin           |       |     1 ||     1
  Use: Potion            |       |     1 ||     1
 Stab: Sleeping          |     1 |       ||     1
       Distracted        |       |     1 ||     1
Armor: Leather armour    |    34 |    59 ||    93
Dodge: Dodged            |   104 |   179 ||   283

Table legend: (Time is in decaauts)
 A = Elapsed time spent in this place.
 B = Non-inter-level travel time spent in this place.
 C = Inter-level travel time spent in this place.
 D = Time resting spent in this place.
 E = Time spent auto-exploring this place.
 F = Levels seen in this place.
 G = Mean time per level.
                   A        B        C        D        E       F      G
               +--------+--------+--------+--------+--------+-----+--------+
         Total |   2844 |   2660 |    184 |    318 |   1681 |   4 |  711.0 |
       Dungeon |   2844 |   2660 |    184 |    318 |   1681 |   4 |  711.0 |
               +--------+--------+--------+--------+--------+-----+--------+

Top non-repeatable levels by time:
     D:2: 967 daAuts
     D:3: 896 daAuts
     D:1: 811 daAuts
     D:4: 169 daAuts
